 Dungeon Crawl Stone Soup version 0.27.1-15-g792fb953b9 (webtiles) character file.

Game seed: 8757607340572995260

210 spaced the Sneak (level 5, -4/24 HPs)
             Began as a Vampire Enchanter on Nov 20, 2021.
             Slain by a wight (6 damage)
             ... on level 3 of the Dungeon.
             The game lasted 00:20:52 (3656 turns).

spaced the Sneak (Vampire Enchanter)                Turns: 3656, Time: 00:20:53

Health: -4/24      AC:  2    Str:  5 (7)  XL:     5   Next: 56%
Magic:  6/9        EV: 12    Int: 18 (19) God:
Gold:   82         SH:  0    Dex: 12 (14) Spells: 1/10 levels left

rFire    . . .     SeeInvis +   p - +2 rapier (freeze)
rCold    + + .     Faith    .   (no shield)
rNeg     + + +     Spirit   .   b - +0 robe
rPois    ∞         Reflect  .   (no helmet)
rElec    .         Harm     .   (no cloak)
rCorr    .         Rampage  .   (no gloves)
Will     .....                  (no boots)
Stlth    +++++.....             (no amulet)
HPRegen  0.00/turn              (no ring)
MPRegen  0.11/turn              (no ring)

@: bloodless, inhibited regen
A: bloodless, fangs 3, see invisible, vampiric 2, [frail 1]
a: Bat Form, Revivify


You were on level 3 of the Dungeon.
You visited 1 branch of the dungeon, and saw 3 of its levels.

You collected 82 gold pieces.

Inventory:

Hand Weapons
 a - a +1 dagger
 p - a +2 rapier of freezing (weapon)
Armour
 b - a +0 robe (worn)
Magical Staves
 n - a staff of fire
Wands
 c - a wand of mindburst (11)
Scrolls
 g - a scroll of magic mapping
 h - a scroll of blinking
 l - a scroll of summoning {unknown}
 m - a scroll of teleportation {unknown}
 o - a scroll of identify
Potions
 d - a potion of lignification {unknown}
 e - a potion of cancellation {unknown}
 f - 2 potions of degeneration {unknown}
 i - 2 potions of attraction
 j - 2 potions of curing {unknown}
 k - a potion of berserk rage {unknown}


   Skills:
 + Level 0.3 Fighting
 + Level 2.3 Short Blades
 + Level 2.9 Dodging
 + Level 5.9 Stealth
 + Level 3.1 Spellcasting
 + Level 5.9 Hexes
 + Level 1.0 Ice Magic


You had one spell level left.
You knew the following spells:

 Your Spells              Type           Power      Damage    Failure   Level
a - Corona                Hex            26%        N/A       1%          1
b - Ensorcelled Hibernat  Hex/Ice        30%        N/A       6%          2
c - Tukima's Dance        Hex            24%        N/A       4%          3
d - Confusing Touch       Hex            24%        N/A       4%          3

Your spell library contained the following spells:

 Spells                   Type           Power      Damage    Failure   Level
 Dazzling Flash           Conj/Hex       26%        N/A       14%         3


Dungeon Overview and Level Annotations

Branches:
Dungeon (3/15)

Altars:
Trog

Shops:
D:2 (


Innate Abilities, Weirdness & Mutations

You do not regenerate when monsters are visible.
You are frail without blood (-20% HP).
You can heal yourself when you bite living creatures.
You are immune to poison.
You have razor-sharp teeth.
You have supernaturally acute eyesight. (SInv)
You are afflicted with vampirism and can become a bat while bloodless.
[You are frail. (-10% HP)]


Message History

HP restored.
Casting: Corona (safe; 1% risk of failure)
Confirm with . or Enter, or press ? or * to list all spells.
Okay, then.
You begin bloodletting.
You continue bloodletting. x5
You become bloodless.
There is an escape hatch in the ceiling here.
Found a stone staircase leading down.
The helpless wight fails to defend itself.
You puncture the wight!
You destroy the wight!
You feel your intelligence returning.
Things that are here:
a +2 great sword; a +0 robe A wight is nearby!
Casting: Corona (safe; 1% risk of failure)
Confirm with . or Enter, or press ? or * to list all spells.
The spell is quite dangerous to cast (4% risk of failure)!
Continue anyway?
Aiming: Tukima's Dance (quite dangerous; 4% risk of failure)
Press: ? - help, Shift-Dir - straight line, f/p - wight
Aim: a wight, wielding a +0 short sword and wearing a +0 robe (chance to affect: 64%)
The +0 short sword dances into the air!
The wight misses you.
Casting: Tukima's Dance (quite dangerous; 4% risk of failure)
Confirm with . or Enter, or press ? or * to list all spells.
Aiming: Corona (safe; 1% risk of failure)
Press: ? - help, Shift-Dir - straight line, f/p - wight
Aim: a wight, wearing a +0 robe (chance to affect: 64%)
The wight is outlined in light.
The wight hits you!
You hit the wight but do no damage. The wight hits you.
You hit the wight but do no damage.
Your +0 short sword barely misses the wight.
The wight hits you.
You hit the wight but do no damage.
Your +0 short sword falls from the air.
The wight misses you.
You hit the wight but do no damage. The wight hits you!
* * * LOW HITPOINT WARNING * * *
You hit the wight but do no damage. The wight hits you.
You die...

....#.##..##.#.....# ####.#
.....##....##......# #.#
...................## #.#
....................# #.#
.....##....##......÷# #.#
....#.##..##.#......########.#
...#.#.#..#.#.#..............#
...##.#....#.##.......########
..#.##......##.#@.....#
.#.#.........)#.#z....#
.##...........)##)....#
#................#....#
...................####
#########.<.......######
#######.#<..(..# #.#.####.#
### #.#.####.# #.##


You could see a wight (corona).

Vanquished Creatures
  A wight (D:3)
  2 gnolls
  5 adders
  4 worms (D:3)
  4 orcs (D:3)
  5 ball pythons
  5 endoplasms
  A giant cockroach (D:1)
  4 goblins
  7 hobgoblins
  4 jackals (D:3)
  4 kobolds
  A quokka (D:1)
  2 bats
  2 frilled lizards
  5 rats
56 creatures vanquished.

Vanquished Creatures (collateral kills)
  A wight (D:3)
  A gnoll (D:3)
2 creatures vanquished.

Vanquished Creatures (others)
  2 plants (D:1)
2 creatures vanquished.

Grand Total: 60 creatures vanquished

Notes
Turn   | Place    | Note
-------+----------+-------------------------------------------
     0 | D:1      | spaced the Vampire Enchanter began the quest for the Orb.
     0 | D:1      | Reached XP level 1. HP: 13/13 MP: 3/3
   572 | D:1      | Reached XP level 2. HP: 11/19 MP: 3/5
   575 | D:1      | Learned a level 2 spell: Ensorcelled Hibernation
  1212 | D:2      | Found Ziquwy's Antique Weapon Shop.
  1407 | D:2      | Gained mutation: You are afflicted with vampirism and can
                  | become a bat while bloodless. [Vampire growth]
  1407 | D:2      | Reached XP level 3. HP: 23/24 MP: 3/6
  1411 | D:2      | Learned a level 3 spell: Tukima's Dance
  1637 | D:2      | Found a faded altar of an unknown god.
  1755 | D:2      | Reached skill level 5 in Hexes
  2115 | D:2      | Reached skill level 5 in Stealth
  2115 | D:2      | Reached XP level 4. HP: 22/30 MP: 3/8
  3091 | D:3      | Noticed a moth of wrath
  3138 | D:3      | Found a bloodstained altar of Trog.
  3300 | D:3      | Reached XP level 5. HP: 28/28 MP: 6/9
  3304 | D:3      | Learned a level 3 spell: Confusing Touch
  3349 | D:3      | Reached skill level 1 in Ice Magic
  3656 | D:3      | Slain by a wight

Illustrated notes

Levels and vault maps discovered:
D:1:      amcnicky_arrival_underground_garden, layout_loops_ring, serial_forest,
          infiniplex_forest_lined_1, infiniplex_forest_end_2,
          infiniplex_forest_join, infiniplex_forest_diagonal,
          infiniplex_forest_clump_tiny, infiniplex_forest_lined_room_2
D:2:      layout_loops_ring, ebering_ecumenical_altar_abandoned, serial_shops,
          shop, corexii_shack, eino_curves_01
D:3:      layout_loops_corners, tgw_trog, minmay_misc_feat_secret_circle,
          minivault_27, amethyst_killhole, wad_rectangle_vault

Skill      XL: |  1  2  3  4  5 |
---------------+----------------+-----
Short Blades   | 2 |  2.3
Hexes          | 5 |  5.9
Stealth        | 5 |  5.9
Spellcasting   | 3 |  3.1
Ice Magic      | 1 |  1.0
Fighting       | |  0.3
Dodging        | |  2.9

Action                   |  1- 3 |  4- 6 || total
-------------------------+-------+-------++-------
Melee: Dagger            |   201 |    50 ||   251
       Bite              |    31 |     9 ||    40
       Rapier            |       |    19 ||    19
 Cast: Corona            |    11 |     7 ||    18
       Ensorcelled Hiber |    15 |    22 ||    37
       Tukima's Dance    |       |     6 ||     6
 Abil: Exsanguinate      |       |     2 ||     2
       Bat Form          |       |     1 ||     1
       Revivify          |       |     1 ||     1
  Use: Scroll            |     3 |     1 ||     4
 Stab: Sleeping          |    18 |    20 ||    38
Armor: Robe              |     5 |     6 ||    11
Dodge: Dodged            |    31 |    39 ||    70
